Zazza, neutral female human Monk --------- --------- |.......| #.....*..| |<......| #|%......| |........# #|.......| ----|----# #----.---- ------------- # # # # |`.........`| # # # # |.....` ....| # `## # # |...-----...| `############### ### # # ### |.%...{.|...| ------.- # ### # |..`|{.{|`...####################|.....>| ------.------# ### #....| {.|...| #......)| |.......[...|### ###########|...-----...| |......| |......%....|# # #--|-- # %|.....`.....| #-......| |...........| ### #|^..-### #|`.........`| ###|.^....| |.....@......####% #|...| #------------- # -------- |......q....| ###|...| ###############################` |............#######....| ------------- ----- Zazza the Initiate Experience level: 9 Strength: 18/07 Dexterity: 16 Constitution: 17 Intelligence: 12 Wisdom: 13 Charisma: 10 Health: 0(70) Energy: 60(60) Def: 4 Gold: 0 Moves: 12401 Dungeon seed: ZIxey5FreC8mjlY6 Game ID: Zazza_1547912738 Your Inventory: Amulets u - an uncursed amulet of reflection (being worn) Armor e - an uncursed +2 pair of leather gloves (being worn) n - an uncursed +1 robe o - an uncursed +0 pair of jumping boots r - an uncursed corroded +0 orcish helm (being worn) S - an uncursed +0 pair of jumping boots (being worn) Y - an uncursed +0 mummy wrapping (being worn) Scrolls v - an uncursed scroll of scare monster Rings l - a cursed ring of hunger Wands a - a wand of digging (0:8) c - a wand of sleep (0:7) p - a wand of locking (0:6) w - a wand of secret door detection (0:14) A - a wand of light (0:3) E - a wand of magic missile (0:8) J - a wand of death (0:5) K - a wand of striking (0:4) W - a wand of speed monster (0:8) Tools k - an uncursed lock pick m - an uncursed mirror q - an uncursed sack s - an uncursed tin whistle t - an uncursed stethoscope x - a +0 unicorn horn F - 10 uncursed tallow candles (0:200) I - an uncursed towel Gems b - an uncursed worthless piece of orange glass y - an uncursed jet stone z - an uncursed topaz stone N - an uncursed worthless piece of black glass Contents of the sack: 1596 gold pieces an uncursed +0 mummy wrapping an uncursed +0 oilskin cloak an uncursed candy bar an uncursed carrot 17 uncursed food rations an uncursed lizard corpse an uncursed melon a blessed scroll of earth an uncursed scroll of earth a cursed scroll of enchant weapon an uncursed scroll of genocide an uncursed scroll of identify 2 uncursed scrolls of magic mapping an uncursed scroll of punishment an uncursed spellbook of detect treasure an uncursed potion of booze a cursed potion of confusion an uncursed potion of healing an uncursed potion of levitation 2 uncursed potions of object detection a cursed potion of paralysis a cursed potion of sleeping an uncursed potion of water an uncursed ring of cold resistance an uncursed ring of cold resistance a cursed ring of fire resistance a cursed -1 ring of increase damage a cursed ring of polymorph an uncursed ring of regeneration an uncursed ring of slow digestion Spells and supernatural/magical abilities: Name Level Category Fail Memory z - sleep 1 enchantment 64% 38% W - pray for help -- divine ? -- Y - supernatural jump -- ability ? -- Your skills at the end: Fighting Skills martial arts [Master] Weapon Skills Spellcasting Skills healing spells [Basic] Final Attributes: You were piously aligned. You were fire resistant. You were sleep resistant. You were poison resistant. You saw invisible. You were telepathic. You were warned. You had automatic searching. You were visible. You were stealthy. You could jump. You were fast. You had reflection. You are dead. Vanquished creatures: a black pudding a ghost 4 giant mimics a large mimic 3 wargs 5 small mimics a freezing sphere a tiger a dwarf king a tengu an ettin zombie a chameleon a crocodile a cockatrice 2 wolves 3 winter wolf cubs 2 panthers an orc-captain 2 mumakil 2 giant spiders a black light 4 gnome kings 2 dwarf mummies 3 ogres a brown pudding a gold golem 2 lizards a dog 2 jaguars a black unicorn a dust vortex 2 ravens a gnome mummy 3 apes a rope golem 5 Woodland-elves 10 bugbears a wood nymph 3 water nymphs 2 rock piercers a fog cloud 2 yellow lights a shrieker 2 violet fungi 11 gnome lords 7 gnomish wizards a kobold mummy 4 gray oozes 4 elf zombies 2 ghouls a straw golem a floating eye 10 dwarves 3 kobold shamans 6 hill orcs 4 rothes 3 centipedes 3 giant bats 2 wererats a werejackal an iguana 17 killer bees 4 acid blobs 10 coyotes 3 gas spores 2 hobbits 5 manes 2 large kobolds 7 hobgoblins 4 giant rats 7 cave spiders 2 brown molds 5 yellow molds 2 green molds 30 gnomes 12 garter snakes 3 gnome zombies 6 geckos 14 jackals 3 foxes 2 kobolds 4 goblins 10 sewer rats 17 grid bugs 2 bats 7 lichens 4 kobold zombies 7 newts 343 creatures vanquished. Voluntary challenges: You had followed a strict vegetarian diet until turn 9740. You never hit with a wielded weapon. You read items or engraved 14 times, starting on turn 819. You never genocided any monsters. You never polymorphed an object. You never changed form. You used no wishes. You never split a pudding. You never wrote Elbereth's name. You violated your moral code, losing 111 points of alignment, starting on turn 9740. Dungeon overview: The Dungeons of Doom: levels 1 to 9 Level 1 an altar to Huan Ti a long staircase Level 2 a fountain Level 3 a scroll shop, a fountain Level 4 an armor shop, a fountain stairs to The Gnomish Mines Level 5 a general store, an altar to Chih Sung-tzu Level 6 some fountains Level 7 a fountain, a sink, a throne Level 8 <- You were here many fountains Level 9 a general store, a fountain stairs to Sokoban The Gnomish Mines: levels 5 to 8 Level 5 stairs to The Dungeons of Doom Level 6 Level 7 Level 8 many shops, a temple to Huan Ti, some fountains Sokoban: levels 5 to 8 Level 5 Level 6 Level 7 Level 8 stairs to The Dungeons of Doom History has recorded: On T:1 you entered the Dungeons of Doom to retrieve the Amulet of Yendor! On T:433 you reached level 2 of The Dungeons of Doom. On T:519 you advanced to experience level 2. On T:1054 you reached level 3 of The Dungeons of Doom. On T:1054 you advanced to experience level 3. On T:1363 you reached level 4 of The Dungeons of Doom. On T:1672 you reached level 1 of The Gnomish Mines. On T:1900 you reached level 5 of The Dungeons of Doom. On T:2076 you reached level 6 of The Dungeons of Doom. On T:2332 you advanced to experience level 4. On T:2439 you reached level 7 of The Dungeons of Doom. On T:2598 you advanced to experience level 5. On T:2867 you advanced to experience level 6. On T:3158 you reached level 8 of The Dungeons of Doom. On T:3420 you advanced to experience level 7. On T:5252 you reached level 2 of The Gnomish Mines. On T:6170 you advanced to experience level 8. On T:6966 you reached level 4 of The Gnomish Mines. On T:8232 you advanced to experience level 9. On T:9046 you reached level 9 of The Dungeons of Doom. On T:9351 you reached level 4 of Sokoban. On T:9858 you reached level 3 of Sokoban. On T:10505 you reached level 2 of Sokoban. On T:10959 you reached level 1 of Sokoban. Score breakdown: Gold: 1596 (10896 points) Experience: 9 levels (15756 points) Exploration: 9 levels ( 18.75%) (12377 points) Discoveries: 47 items ( 16.79%) (12291 points) Valuables value: (no points given unless you survive) Artifact value: 0 ( 0 points) Variety of kills: 88 monsters ( 23.10%) (14417 points) Turncount: 12401 turns (-2696 points) Survival: died (score multiplied by 80%) Total score: 50432 Latest messages: You kill the ape! The killer bee stings! You kill the killer bee! The black unicorn butts! The black unicorn kicks! Status of the black unicorn (chaotic): Level 4 HP 13(13) Def 8. You kill the black unicorn! There are several objects here. You have a little trouble lifting x - a unicorn horn. Your movements are slowed slightly because of your load. You hit it. The leocrotta hits! The leocrotta bites! The leocrotta hits! You hit it. The leocrotta hits! The leocrotta bites! The leocrotta hits! (2x) The leocrotta bites! The leocrotta hits! You die... Final status: Goodbye Zazza the Monk, killed by a leocrotta... You died in The Dungeons of Doom on dungeon level 8 with 50432 points, and 1596 pieces of gold, after 12401 moves. You were level 9 with a maximum of 70 hit points when you died.